[Event "Leinster Championship 2007"]
[Site "Dublin IRL"]
[Date "2007.12.29"]
[Round "4"]
[White "Griffiths, Ryan-Rhys"]
[Black "O'Connell, Gerard"]
[Result "1/2-1/2"]
[WhiteElo "2051"]
[BlackElo "2128"]
[WhiteICU "2054"]
[BlackICU "2120"]
[WhiteClub "Kilkenny"]
[BlackClub "St. Benildus"]
[WhiteNationality "IRL"]
[BlackNationality "IRL"]
[WhiteFideId "2502054"]
[BlackFideId "2500493"]
[PlyCount "51"]
[ECO "B70"]
[Opening "Sicilian"]
[Variation "dragon variation"]
[EventDate "2007.12.28"]
[TimeControl "7200"]

{ Event information: <a
href="https://www.irlchess.com/leinsterch2007_allfiles/pairings_leinsterch2007.html">Tournament
report</a>. }

1. e4 c5 2. Nf3 d6 3. d4 cxd4 4. Nxd4 Nf6 5. Nc3 g6 6. Bc4 Bg7 7. Bb3 O-O
8. h3 Nc6 9. Be3 Bd7 10. O-O Rc8 11. Re1 Ne5 12. Qe2 Rxc3 13. bxc3 Nxe4 14.
f4 Nxc3 15. Qd2 Ne4 16. Qb4 Nc6 17. Nxc6 Bxc6 18. Bd4 a5 19. Qc4 b5 20. Qd3
e5 21. Bb2 Qb6+ 22. Kh2 Qb7 23. a3 Bh6 24. Rf1 Qe7 25. Rae1 Bxf4+ 26. Rxf4
({ Black is winning, e.g. ( } 26. Rxf4 { ) } 26... exf4 27. Qd4 Qe5 $19)
1/2-1/2

[Event "Leinster Championship 2007"]
[Site "Dublin IRL"]
[Date "2007.12.29"]
[Round "4"]
[White "Fox, Anthony"]
[Black "Cafolla, Peter"]
[Result "1/2-1/2"]
[WhiteElo "2084"]
[BlackElo "2045"]
[WhiteICU "2030"]
[BlackICU "1989"]
[WhiteClub "Dun Laoghaire"]
[BlackClub "Rathmines"]
[WhiteNationality "IRL"]
[BlackNationality "IRL"]
[WhiteFideId "2500736"]
[BlackFideId "2500884"]
[PlyCount "58"]
[ECO "B23"]
[Opening "Sicilian"]
[Variation "closed"]
[EventDate "2007.12.28"]
[TimeControl "7200"]

{ Event information: <a
href="https://www.irlchess.com/leinsterch2007_allfiles/pairings_leinsterch2007.html">Tournament
report</a>. }

1. e4 c5 2. Nc3 a6 3. g3 b5 4. Bg2 Bb7 5. d3 g6 6. Be3 b4 7. Nce2 d6 8. Nf3
Bg7 9. Qc1 Nc6 10. O-O Nf6 11. Bh6 O-O 12. Bxg7 Kxg7 13. h3 e5 14. Nh4 Nh5
15. Bf3 Nf6 16. Bg2 d5 17. Qg5 dxe4 18. dxe4 Ng8 19. Qe3 Qe7 20. c3 a5 21.
Rad1 Rfd8 22. Rd5 Ba6 23. Re1 Bc4 24. Rxd8 Rxd8 25. Nc1 Qd6 26. Nf3 Nf6 27.
Bf1 Bxf1 28. Kxf1 a4 29. Qe2 Qd7 1/2-1/2

[Event "Leinster Championship 2007"]
[Site "Dublin IRL"]
[Date "2007.12.29"]
[Round "4"]
[White "Keogh, Eamon"]
[Black "Capaces, Francois"]
[Result "1/2-1/2"]
[WhiteTitle "NM"]
[WhiteElo "2095"]
[BlackElo "2099"]
[WhiteICU "1993"]
[WhiteClub "Kilkenny"]
[BlackClub "S.C. Nordstad LUX"]
[WhiteNationality "IRL"]
[BlackNationality "FRA"]
[WhiteFideId "2500264"]
[BlackFideId "658502"]
[PlyCount "78"]
[ECO "C30"]
[Opening "KGD"]
[Variation "classical variation"]
[EventDate "2007.12.28"]
[TimeControl "7200"]
[BlackFullName "Capac&egrave;s, Fran&ccedil;ois"]

{ Event information: <a
href="https://www.irlchess.com/leinsterch2007_allfiles/pairings_leinsterch2007.html">Tournament
report</a>. }

1. f4 e5 2. e4 Bc5 3. Nf3 d6 4. d4 exd4 5. Nxd4 Nf6 6. Nc3 O-O 7. Be3 Re8
8. Bd3 a6 9. h3 b5 10. Qf3 Bb7 11. O-O-O Bxd4 12. Bxd4 c5 13. Bxf6 Qxf6 14.
Rhe1 Nd7 15. g4 c4 16. Bf1 Nc5 17. g5 Qg6 18. Bg2 Rac8 19. h4 f5 20. gxf6
Qxf6 21. Qg4 b4 22. Nd5 Bxd5 23. Rxd5 Na4 24. e5 dxe5 25. Rdxe5 Rf8 26.
Bd5+ Kh8 27. Be6 Rcd8 28. f5 c3 29. Qxb4 Qh6+ 30. R5e3 Qxe3+ 31. Rxe3 cxb2+
32. Qxb2 Nxb2 33. Kxb2 g6 34. fxg6 hxg6 35. Ra3 Rd6 36. Bc4 Rb8+ 37. Kc1
Rbb6 38. Ra5 Kg7 39. h5 gxh5 1/2-1/2

[Event "Leinster Championship 2007"]
[Site "Dublin IRL"]
[Date "2007.12.29"]
[Round "4"]
[White "Fitzsimons, David"]
[Black "Hogarty, Philip"]
[Result "1-0"]
[WhiteElo "2153"]
[BlackElo "1904"]
[WhiteICU "2129"]
[BlackICU "2069"]
[WhiteClub "Elm Mount"]
[BlackClub "Rathmines"]
[WhiteNationality "IRL"]
[BlackNationality "IRL"]
[WhiteFideId "2501961"]
[BlackFideId "2502070"]
[PlyCount "99"]
[ECO "B23"]
[Opening "Sicilian"]
[Variation "closed"]
[EventDate "2007.12.28"]
[TimeControl "7200"]

{ Event information: <a
href="https://www.irlchess.com/leinsterch2007_allfiles/pairings_leinsterch2007.html">Tournament
report</a>. }

1. e4 c5 2. Nc3 e6 3. f4 d5 4. Bb5+ Bd7 5. exd5 exd5 6. Qe2+ Ne7 7. Nxd5
Bc6 8. Nc3 a6 9. Bxc6+ Nxc6 10. Nf3 Nd4 11. Nxd4 cxd4 12. Ne4 Qc7 13. O-O
O-O-O 14. d3 h6 15. f5 Nd5 16. c4 dxc3 17. bxc3 Re8 18. Qf3 Be7 19. c4 Nf6
20. Bf4 Qc6 21. Nd6+ Bxd6 22. Qxc6+ bxc6 23. Bxd6 Re3 24. Rab1 Rhe8 25. d4
Ne4 26. Bf4 Re2 27. Rfe1 Nc3 28. Rb8+ Kd7 29. Rb7+ Kc8 30. Rb8+ Kd7 31.
Rxe8 Rxe8 32. Kf1 Rxe1+ 33. Kxe1 Nxa2 34. Bd2 c5 35. d5 Nb4 36. Bc3 f6 37.
Kd2 a5 38. Kc1 a4 39. Kb2 Nd3+ 40. Ka3 Nf4 41. g4 Ne2 42. Bd2 Ng1 43. Kxa4
Nf3 44. Bf4 Ne1 45. Kb5 Nd3 46. Be3 Kd6 47. Bg1 Ne5 48. Bxc5+ Kd7 49. h3
Nf7 50. Bf8 1-0

[Event "Leinster Championship 2007"]
[Site "Dublin IRL"]
[Date "2007.12.30"]
[Round "5"]
[White "Hogarty, Philip"]
[Black "Griffiths, Ryan-Rhys"]
[Result "1-0"]
[WhiteElo "1904"]
[BlackElo "2051"]
[WhiteICU "2069"]
[BlackICU "2054"]
[WhiteClub "Rathmines"]
[BlackClub "Kilkenny"]
[WhiteNationality "IRL"]
[BlackNationality "IRL"]
[WhiteFideId "2502070"]
[BlackFideId "2502054"]
[PlyCount "53"]
[ECO "B51"]
[Opening "Sicilian"]
[Variation "Canal-Sokolsky (Nimzovich-Rossolimo, Moscow) attack"]
[EventDate "2007.12.28"]
[TimeControl "7200"]

{ Event information: <a
href="https://www.irlchess.com/leinsterch2007_allfiles/pairings_leinsterch2007.html">Tournament
report</a>. }

1. e4 c5 2. Nf3 d6 3. Bb5+ Nc6 4. Nc3 a6 5. Bxc6+ bxc6 6. O-O e5 7. h3 f5
8. exf5 Bxf5 9. Re1 Be7 10. d3 Qb6 11. Nh4 Be6 12. f4 g5 13. fxg5 O-O-O 14.
Qh5 Rf8 15. Qe2 Rf7 16. Nf3 h6 17. Nxe5 Rg7 18. Qe4 d5 19. Nc4 dxc4 20.
Qxe6+ Kb7 21. dxc4 hxg5 22. Rd1 g4 23. Rd7+ Ka8 24. h4 Rxh4 25. Na4 Qb7 26.
Rxb7 Kxb7 27. Qd7+ 1-0

[Event "Leinster Championship 2007"]
[Site "Dublin IRL"]
[Date "2007.12.30"]
[Round "5"]
[White "Redmond, John P."]
[Black "Fox, Anthony"]
[Result "0-1"]
[WhiteElo "2221"]
[BlackElo "2084"]
[WhiteICU "2113"]
[BlackICU "2030"]
[WhiteClub "Atticus ENG"]
[BlackClub "Dun Laoghaire"]
[WhiteNationality "IRL"]
[BlackNationality "IRL"]
[WhiteFideId "2500051"]
[BlackFideId "2500736"]
[PlyCount "75"]
[ECO "A03"]
[Opening "Bird's opening"]
[Variation "Lasker variation"]
[EventDate "2007.12.28"]
[TimeControl "7200"]

{ Event information: <a
href="https://www.irlchess.com/leinsterch2007_allfiles/pairings_leinsterch2007.html">Tournament
report</a>. }

1. f4 d5 2. Nf3 Nf6 3. e3 c5 4. Be2 Nc6 5. O-O g6 6. Ne5 Qc7 7. Nxc6 bxc6
8. d3 Bg7 9. Nc3 a5 10. e4 d4 11. Na4 Qa7 12. b3 O-O 13. Ba3 Nd7 14. Qe1 e6
15. g4 Rd8 16. f5 exf5 17. gxf5 Ba6 18. f6 Nxf6 19. Bxc5 Qb7 20. Qf2 Bb5
21. Nb2 Qd7 22. a4 Ba6 23. Kh1 Rab8 24. Qf4 Nd5 25. Qd2 Ne3 26. Rf2 Qh3 27.
Qxa5 Qh4 28. Rf3 Be5 29. h3 Bc8 30. Qe1 Qh6 31. h4 Nxc2 32. Qf2 Nxa1 33.
Nc4 Bg7 34. Be7 Bg4 35. Bg5 Qh5 36. Rxf7 Rf8 37. Ne5 Bxe5 38. Qg1 0-1

[Event "Leinster Championship 2007"]
[Site "Dublin IRL"]
[Date "2007.12.30"]
[Round "5"]
[White "Cafolla, Peter"]
[Black "Wall, Gavin"]
[Result "0-1"]
[BlackTitle "IM"]
[WhiteElo "2045"]
[BlackElo "2307"]
[WhiteICU "1989"]
[WhiteClub "Rathmines"]
[BlackClub "Richmond ENG"]
[WhiteNationality "IRL"]
[BlackNationality "IRL"]
[WhiteFideId "2500884"]
[BlackFideId "2501244"]
[PlyCount "56"]
[ECO "C21"]
[Opening "Danish gambit"]
[Variation "Soerensen defence"]
[EventDate "2007.12.28"]
[TimeControl "7200"]

{ Event information: <a
href="https://www.irlchess.com/leinsterch2007_allfiles/pairings_leinsterch2007.html">Tournament
report</a>. }

1. e4 e5 2. d4 exd4 3. c3 d5 4. exd5 Qxd5 5. cxd4 Nc6 6. Be3 Bb4+ 7. Nc3
Nge7 8. Ne2 Bg4 9. f3 Bxf3 10. Kf2 Bxc3 11. gxf3 Ba5 12. Nf4 Qd7 13. Bh3 f5
14. Rg1 g6 15. d5 Nb4 16. Bd4 Rg8 17. Re1 Nxd5 18. Nxd5 Bxe1+ 19. Qxe1 Qxd5
20. Qc3 O-O-O 21. Be3 Qd3 22. Qc5 Nc6 23. Re1 Qd6 24. Qc3 Qxh2+ 25. Bg2 f4
26. Bc5 Rge8 27. Rc1 Re2+ 28. Kxe2 Qxg2+ 0-1

[Event "Leinster Championship 2007"]
[Site "Dublin IRL"]
[Date "2007.12.30"]
[Round "5"]
[White "O'Connell, Gerard"]
[Black "Fitzsimons, David"]
[Result "0-1"]
[WhiteElo "2128"]
[BlackElo "2153"]
[WhiteICU "2120"]
[BlackICU "2129"]
[WhiteClub "St. Benildus"]
[BlackClub "Elm Mount"]
[WhiteNationality "IRL"]
[BlackNationality "IRL"]
[WhiteFideId "2500493"]
[BlackFideId "2501961"]
[PlyCount "100"]
[ECO "E53"]
[Opening "Nimzo-Indian"]
[Variation "4.e3, main line with ...c5"]
[EventDate "2007.12.28"]
[TimeControl "7200"]

{ Event information: <a
href="https://www.irlchess.com/leinsterch2007_allfiles/pairings_leinsterch2007.html">Tournament
report</a>. }

1. d4 Nf6 2. c4 e6 3. Nc3 Bb4 4. e3 d5 5. Bd3 O-O 6. Nf3 c5 7. O-O cxd4 8.
exd4 dxc4 9. Bxc4 b6 10. a3 Bxc3 11. bxc3 Bb7 12. Ba2 Nbd7 13. Re1 Rc8 14.
Bd2 Qc7 15. c4 Rfe8 16. Rc1 Qb8 17. Bb1 Qa8 18. Re3 Rc7 19. Qe2 Rec8 20.
Rb3 Rd8 21. Bg5 h6 22. Bf4 Rcc8 23. Ne5 Be4 24. Rg3 Kf8 25. Nd3 Bg6 26.
Rxg6 fxg6 27. Qxe6 Ne8 28. Nb4 Ndf6 29. Bxg6 Qb7 30. Re1 Qd7 31. Qxd7 Rxd7
32. Bf5 Rxd4 33. Bxc8 Rxc4 34. Bxh6 Rxc8 35. Bd2 a5 36. Nd3 Nd6 37. Ne5 Rc7
38. Bg5 b5 39. h4 Nfe4 40. f3 Nxg5 41. hxg5 Rc3 42. g6 Rc7 43. Rd1 Ke7 44.
Rd3 Ke6 45. f4 Nc4 46. Kf2 Nxe5 47. fxe5 Kxe5 48. Rb3 Rb7 49. Ke3 Rb6 50.
g3 Kd5 0-1

[Event "Leinster Championship 2007"]
[Site "Dublin IRL"]
[Date "2007.12.30"]
[Round "5"]
[White "Daly, Colm"]
[Black "Mendelson, Andrew"]
[Result "1-0"]
[WhiteTitle "FM"]
[WhiteElo "2361"]
[BlackElo "2108"]
[BlackICU "2082"]
[BlackClub "Dublin"]
[WhiteNationality "IRL"]
[BlackNationality "RSA"]
[WhiteFideId "2500434"]
[BlackFideId "14300109"]
[PlyCount "52"]
[ECO "A10"]
[Opening "English opening"]
[EventDate "2007.12.28"]
[TimeControl "7200"]

{ Event information: <a
href="https://www.irlchess.com/leinsterch2007_allfiles/pairings_leinsterch2007.html">Tournament
report</a>. }

1. c4 b6 2. Nf3 Bb7 3. e3 e6 4. b3 Nf6 5. Bb2 d5 6. g3 Nbd7 7. Bg2 Be7 8.
cxd5 exd5 9. O-O O-O 10. Nc3 c6 11. d3 Re8 12. Re1 Qc7 13. Qc2 Rad8 14.
Rac1 Qb8 15. Ne2 c5 16. d4 Ne4 17. Nf4 Ndf6 18. Nd3 Rc8 19. dxc5 bxc5 20.
Nd2 c4 21. bxc4 dxc4 22. Nxc4 Bd5 23. Qb3 Qa8 24. Bxf6 gxf6 25. Qb5 Bf8 26.
Nb4 a6 1-0

[Event "Leinster Championship 2007"]
[Site "Dublin IRL"]
[Date "2007.12.30"]
[Round "6"]
[White "Wall, Gavin"]
[Black "Fox, Anthony"]
[Result "1/2-1/2"]
[WhiteTitle "IM"]
[WhiteElo "2307"]
[BlackElo "2084"]
[BlackICU "2030"]
[WhiteClub "Richmond ENG"]
[BlackClub "Dun Laoghaire"]
[WhiteNationality "IRL"]
[BlackNationality "IRL"]
[WhiteFideId "2501244"]
[BlackFideId "2500736"]
[PlyCount "37"]
[ECO "C49"]
[Opening "Four knights"]
[Variation "double Ruy Lopez"]
[EventDate "2007.12.28"]
[TimeControl "7200"]

{ Event information: <a
href="https://www.irlchess.com/leinsterch2007_allfiles/pairings_leinsterch2007.html">Tournament
report</a>. }

1. e4 e5 2. Nf3 Nc6 3. Nc3 Nf6 4. Bb5 Bb4 5. d3 d6 6. O-O Bxc3 7. bxc3 O-O
8. Ne1 h6 9. f4 exf4 10. Bxf4 Ne5 11. Ba4 c6 12. Bb3 a5 13. a4 Qe7 14. Nf3
Bg4 15. Qd2 Nxf3+ 16. gxf3 Be6 17. Kh1 Bxb3 18. cxb3 Kh7 19. Rg1 1/2-1/2

[Event "Leinster Championship 2007"]
[Site "Dublin IRL"]
[Date "2007.12.30"]
[Round "6"]
[White "Daly, Colm"]
[Black "Redmond, John P."]
[Result "0-1"]
[WhiteTitle "FM"]
[WhiteElo "2361"]
[BlackElo "2221"]
[BlackICU "2113"]
[BlackClub "Atticus ENG"]
[WhiteNationality "IRL"]
[BlackNationality "IRL"]
[WhiteFideId "2500434"]
[BlackFideId "2500051"]
[PlyCount "88"]
[ECO "A10"]
[Opening "English"]
[Variation "Anglo-Dutch defense"]
[EventDate "2007.12.28"]
[TimeControl "7200"]

{ Event information: <a
href="https://www.irlchess.com/leinsterch2007_allfiles/pairings_leinsterch2007.html">Tournament
report</a>. }

1. c4 f5 2. g3 Nf6 3. Bg2 g6 4. Nc3 Bg7 5. d3 d6 6. Rb1 O-O 7. Nf3 e5 8.
O-O c6 9. b4 Kh8 10. b5 c5 11. Bg5 Nbd7 12. Nd5 h6 13. Bxf6 Nxf6 14. Nd2
Rf7 15. Nxf6 Bxf6 16. Bd5 Rg7 17. Rb3 h5 18. e3 Qf8 19. a4 Rh7 20. a5 Rb8
21. f4 Re7 22. Rb1 Qg7 23. h4 Be6 24. Bxe6 Rxe6 25. e4 exf4 26. Rxf4 Be5
27. Rf3 Rf8 28. exf5 gxf5 29. Kg2 Rg6 30. Nf1 Rg4 31. d4 Rxd4 32. Qc2 Rg4
33. Rbb3 f4 34. a6 b6 35. Nh2 Qg6 36. Qxg6 Rxg6 37. Nf1 Rfg8 38. Rbd3 Rg4
39. Rd5 Rxh4 40. Kf2 fxg3+ 41. Nxg3 Rh2+ 42. Kg1 Rxg3+ 43. Rxg3 Bxg3 44.
Rg5 Be5 0-1

[Event "Leinster Championship 2007"]
[Site "Dublin IRL"]
[Date "2007.12.30"]
[Round "6"]
[White "Mendelson, Andrew"]
[Black "O'Connell, Gerard"]
[Result "1/2-1/2"]
[WhiteElo "2108"]
[BlackElo "2128"]
[WhiteICU "2082"]
[BlackICU "2120"]
[WhiteClub "Dublin"]
[BlackClub "St. Benildus"]
[WhiteNationality "RSA"]
[BlackNationality "IRL"]
[WhiteFideId "14300109"]
[BlackFideId "2500493"]
[PlyCount "50"]
[ECO "D80"]
[Opening "Gruenfeld"]
[Variation "Stockholm variation"]
[EventDate "2007.12.28"]
[TimeControl "7200"]

{ Event information: <a
href="https://www.irlchess.com/leinsterch2007_allfiles/pairings_leinsterch2007.html">Tournament
report</a>. }

1. d4 Nf6 2. c4 g6 3. Nc3 d5 4. Bg5 Bg7 5. Bxf6 Bxf6 6. cxd5 c6 7. dxc6
Bxd4 8. cxb7 Bxb7 9. Nf3 Bxc3+ 10. bxc3 Qc7 11. Rc1 O-O 12. e3 Rd8 13. Qc2
Nd7 14. Be2 Nc5 15. O-O Be4 16. Qb2 Nd3 17. Bxd3 Rxd3 18. Rfd1 Rb8 19. Qa3
Rxd1+ 20. Rxd1 Qd7 21. Rf1 Rb7 22. Ne1 Rb1 23. Qa6 Qd2 24. Nf3 Rxf1+ 25.
Qxf1 Qxc3 1/2-1/2

[Event "Leinster Championship 2007"]
[Site "Dublin IRL"]
[Date "2007.12.30"]
[Round "6"]
[White "Capaces, Francois"]
[Black "Hogarty, Philip"]
[Result "0-1"]
[WhiteElo "2099"]
[BlackElo "1904"]
[BlackICU "2069"]
[WhiteClub "S.C. Nordstad LUX"]
[BlackClub "Rathmines"]
[WhiteNationality "FRA"]
[BlackNationality "IRL"]
[WhiteFideId "658502"]
[BlackFideId "2502070"]
[PlyCount "87"]
[ECO "B43"]
[Opening "Sicilian"]
[Variation "Kan, 5.Nc3"]
[EventDate "2007.12.28"]
[TimeControl "7200"]
[WhiteFullName "Capac&egrave;s, Fran&ccedil;ois"]

{ Event information: <a
href="https://www.irlchess.com/leinsterch2007_allfiles/pairings_leinsterch2007.html">Tournament
report</a>. }

1. e4 c5 2. Nf3 e6 3. d4 cxd4 4. Nxd4 a6 5. Nc3 b5 6. Bd3 Qb6 7. Nb3 Bb7 8.
Be3 Qc7 9. O-O Nf6 10. a3 Nc6 11. f4 d6 12. Qf3 g6 13. Qg3 Be7 14. Nd4 d5
15. e5 Nxd4 16. Bxd4 Bc5 17. Bxc5 Qxc5+ 18. Qf2 Nd7 19. Ne2 Qxf2+ 20. Kxf2
Rc8 21. Nd4 Nc5 22. Ke3 Kd7 23. b3 Rc7 24. a4 Nxd3 25. Kxd3 b4 26. a5 Rc3+
27. Kd2 Bc6 28. Rf3 Rxf3 29. Nxf3 Rc8 30. c3 d4 31. cxb4 Bxf3 32. gxf3 Rb8
33. Ra4 Kc6 34. Kd3 Kb5 35. Kxd4 Rd8+ 36. Kc3 Rc8+ 37. Kd2 Rd8+ 38. Ke2 Rd4
39. Ke3 Rd1 40. Ra2 Rb1 41. Rd2 Rxb3+ 42. Ke2 Rxb4 43. Ke3 Kxa5 44. Rd7 $10
{ ..., or White lost on time? } 0-1

[Event "Leinster Championship 2007"]
[Site "Dublin IRL"]
[Date "2007.12.30"]
[Round "6"]
[White "Fitzsimons, David"]
[Black "Keogh, Eamon"]
[Result "0-1"]
[BlackTitle "NM"]
[WhiteElo "2153"]
[BlackElo "2095"]
[WhiteICU "2129"]
[BlackICU "1993"]
[WhiteClub "Elm Mount"]
[BlackClub "Kilkenny"]
[WhiteNationality "IRL"]
[BlackNationality "IRL"]
[WhiteFideId "2501961"]
[BlackFideId "2500264"]
[PlyCount "126"]
[ECO "B52"]
[Opening "Sicilian"]
[Variation "Canal-Sokolsky attack, 3...Bd7"]
[EventDate "2007.12.28"]
[TimeControl "7200"]

{ Event information: <a
href="https://www.irlchess.com/leinsterch2007_allfiles/pairings_leinsterch2007.html">Tournament
report</a>. }

1. e4 c5 2. Nf3 d6 3. Bb5+ Bd7 4. Bxd7+ Qxd7 5. O-O g6 6. c3 Nc6 7. d4 cxd4
8. cxd4 Bg7 9. Nc3 Nf6 10. d5 Ne5 11. Nxe5 dxe5 12. Bg5 O-O 13. Qd3 Ne8 14.
Be3 Nd6 15. a4 Rfc8 16. Rfc1 a6 17. a5 f5 18. f3 Nc4 19. Na4 Qb5 20. Nb6
Nxb6 21. Qxb5 axb5 22. Bxb6 Bh6 23. Rc3 b4 24. Rb3 Rc4 25. Re1 Rac8 26.
exf5 Rc1 27. Rxc1 Rxc1+ 28. Kf2 gxf5 29. Rxb4 Rc2+ 30. Kg3 Bd2 31. Rb3 Bc1
32. Bd8 Rxb2 33. Rxb2 Bxb2 34. Bxe7 Bc3 35. Bd8 Kf7 36. Bc7 Ke7 37. Kf2 Kd7
38. d6 Bb4 39. Ke3 Bxd6 40. Bxd6 Kxd6 41. g4 Ke6 42. h3 Kf6 43. h4 Ke6 44.
g5 Kd5 45. h5 Ke6 46. Ke2 $2 (46. Kd3 $10 { : White has to be able to meet
... f4 with Ke4. }) 46... f4 $19 47. Kd3 Kf5 48. g6 hxg6 49. h6 Kf6 50. Ke4
g5 51. h7 Kg7 52. Kf5 e4 $1 53. Kxe4 Kxh7 54. Kf5 Kh6 55. Kf6 g4 56. fxg4
f3 57. g5+ Kh5 58. g6 f2 59. g7 f1=Q+ 60. Ke7 Qc4 61. Kf8 Qc5+ 62. Ke8 Qg5
63. Kf8 Qf6+ 0-1